 Dungeon Crawl Stone Soup version 0.27-a0-686-gaed091b46b (webtiles) character file.

Game seed: 10977552821356014813

15 jasper the Sneak (level 2, -10/27 HPs)
             Began as a Deep Dwarf Delver on Mar 21, 2021.
             Mangled by Harold
             ... wielding a +0 trident
              (13 damage)
             ... on level 8 of the Dungeon.
             The game lasted 00:00:52 (251 turns).

jasper the Sneak (Deep Dwarf Delver)                 Turns: 251, Time: 00:00:52

Health: -10/27     AC:  3    Str: 15    XL:     2   Next: 34%
Magic:  2/2        EV: 12    Int: 10    God:
Gold:   1          SH:  0    Dex: 14    Spells: 1/1 levels left

rFire    . . .     SeeInvis .   a - +0 hand axe
rCold    . . .     Faith    .   (no shield)
rNeg     . . .     Spirit   .   b - +0 leather armour
rPois    .         Reflect  .   (no helmet)
rElec    .         Harm     .   (no cloak)
rCorr    .         Rampage  .   (no gloves)
Will     .....                  (no boots)
Stlth    +++.......             (no amulet)
HPRegen  0.00/turn              (no ring)
MPRegen  0.08/turn              (no ring)

@: non-regenerating
A: damage resistance, heal wounds, sense surroundings 1, no regeneration
a: Heal Wounds


You were on level 8 of the Dungeon.
You visited 1 branch of the dungeon, and saw 4 of its levels.

You collected 1 gold pieces.

Inventory:

Hand Weapons
 a - a +0 hand axe (weapon)
Missiles
 h - 20 bolts
Armour
 b - a +0 leather armour (worn)
Wands
 g - a wand of digging (3)
Scrolls
 c - a scroll of fog
 d - a scroll of magic mapping
 e - a scroll of fear
 i - a scroll of immolation {unknown}
Potions
 f - a potion of haste
 j - a potion of lignification {unknown}


   Skills:
 + Level 2.8 Fighting
 * Level 2.7 Axes
 + Level 0.8 Armour
 + Level 2.4 Dodging
 - Level 6.0 Stealth


You had one spell level left.
You didn't know any spells.
Your spell library was empty.

Dungeon Overview and Level Annotations

Branches:
Dungeon (8/15)
 Temple: D:4-7         Lair: D:8-11

Altars:

Annotations:
D:8 Harold


Innate Abilities, Weirdness & Mutations

You are resistant to damage.
You can heal yourself by infusing magical energy.
You passively map a small area around you.
You do not regenerate.


Message History

The hound zombie closely misses you. The hound zombie bites you.
You barely miss the hound zombie.
The hound zombie is heavily damaged.
The hound zombie bites you. x2
You take 3 damage, and have 17/20 hp.
You hit the hound zombie.
The hound zombie is heavily damaged.
The hound zombie barely misses you.
You hit the hound zombie.
The hound zombie is severely damaged.
The hound zombie barely misses you. The hound zombie bites you.
You take 1 damage, and have 16/20 hp.
You hit the hound zombie.
The hound zombie is almost destroyed.
The hound zombie bites you but does no damage.
You hit the hound zombie.
You destroy the hound zombie!
You have reached level 2!
You regained 5 hp, and now have 21/27 hp.
MP restored: 2 An orc comes into view. It is wielding a +0 club.
The orc shouts!
An orc comes into view.
Harold the Weathered comes into view.
He is wielding a +0 trident.
Harold fires a harpoon shot at you. The harpoon shot hits you!
You are yanked forward by the harpoon shot.
An orc comes into view. It is wielding a +0 short sword.
An orc comes into view. It is wielding a +0 trident.
The orc shouts! x2
Found a scroll labelled CELAQO JEDUGOE.
You take 10 damage, and have 11/27 hp.
MASSIVE DAMAGE!!
You hear a shout!
Harold hits you with a +0 trident!
* * * LOW HITPOINT WARNING * * *
You take 8 damage, and have 3/27 hp.
MASSIVE DAMAGE!!
The orc shouts!
Harold says, "Bounty hunting has been great, but I can't wait to retire."
Harold hits you from afar with a +0 trident!
You die...

, ......... ,
......... ,,
........# ##### *
..o....?##....##
, <
.....o.........#
.....o..........#
........@.......#
.......o.@.....#
,
,...............#
,.##.$...########
##.....##....##
,#.............#
#..........<..# ,
#.............# ,
,##.....##.....#
#.....##....## *


You could see Harold and 4 orcs.

Vanquished Creatures
  A hound zombie (D:8)
1 creature vanquished.

Notes
Turn   | Place    | Note
-------+----------+-------------------------------------------
     0 | D:5      | jasper the Deep Dwarf Delver began the quest for the Orb.
     0 | D:5      | Reached XP level 1. HP: 20/20 MP: 1/1
     9 | D:5      | Noticed a killer bee
    10 | D:5      | Noticed a killer bee
    10 | D:5      | Noticed a killer bee
    10 | D:5      | Noticed a killer bee
    10 | D:5      | Noticed a killer bee
    11 | D:5      | Noticed a killer bee
    54 | D:6      | Noticed a jelly
    54 | D:6      | Noticed a hound
   241 | D:8      | Reached XP level 2. HP: 21/27 MP: 2/2
   247 | D:8      | Noticed Harold
   251 | D:8      | Mangled by Harold

Illustrated notes

Levels and vault maps discovered:
D:5:      layout_gridville
D:6:      layout_basic, uniq_blork_the_orc
D:7:      layout_loops_ring, lemuel_round_altar, minmay_temple_entry_trees,
          uniq_menkaure, uniq_joseph, uniq_duvessa
D:8:      layout_gridville, fiery_altar_vehumet, nicolae_ossuary_entry_ruins,
          uniq_harold

Action                   || total
-------------------------++-------
Melee: Hand axe          ||     7
Armor: Leather armour    ||     1
Dodge: Dodged            ||     5

Table legend: (Time is in decaauts)
 A = Elapsed time spent in this place.
 B = Non-inter-level travel time spent in this place.
 C = Inter-level travel time spent in this place.
 D = Time resting spent in this place.
 E = Time spent auto-exploring this place.
 F = Levels seen in this place.
 G = Mean time per level.
                   A        B        C        D        E       F      G
               +--------+--------+--------+--------+--------+-----+--------+
         Total |    251 |    217 |     34 |      0 |    100 |   4 |   62.8 |
       Dungeon |    251 |    217 |     34 |      0 |    100 |   4 |   62.8 |
               +--------+--------+--------+--------+--------+-----+--------+

Top non-repeatable levels by time:
     D:6: 118 daAuts
     D:7: 89 daAuts
     D:8: 27 daAuts
     D:5: 16 daAuts
